 Dungeon Crawl Stone Soup version 0.15-a0-1523-gf3f4057 (webtiles) character file.

606 tizzy the Cutter (level 7, -10/50 HPs)
             Began as a Demonspawn Assassin on June 16, 2014.
             Was an Initiate of Dithmenos.
             Mangled by Pikel
             ... wielding a +0 whip of electrocution
              (20 damage)
             ... on Level 4 of the Dungeon.
             The game lasted 00:14:40 (5811 turns).

tizzy the Cutter (Demonspawn Assassin)              Turns: 5811, Time: 00:14:40

HP -10/50        AC  6     Str 11      XL: 7   Next: 19%
MP  16/16        EV 12     Int 13      God: Dithmenos [......]
Gold 212         SH  0     Dex 18      Spells:  0 memorised,  6 levels left

rFire  + . .     SeeInvis .     b - +0 blowgun
rCold  + . .     Clarity  .     c - +0 robe
rNeg   . . .     rCorr    .     (no shield)
rPois  .         rRot     .     (helmet restricted)
rElec  .         Spirit   .     p - +0 cloak
SustAb .         Warding  .     C - +1 pair of gloves
rMut   .         Stasis   .     n - +0 pair of boots
Gourm  .                        (no amulet)
MR     .....                    f - ring of magical power
                                B - ring of protection from cold

@: invisible, not resistant to hostile enchantments, stealthy
A: antennae 2, thin skeletal structure 1, demonic guardian 1, fire resistance 1,
flame cloud immunity
a: Renounce Religion


You were on level 4 of the Dungeon.
You worshipped Dithmenos.
Dithmenos was noncommittal.
You were hungry.

You visited 2 branches of the dungeon, and saw 6 of its levels.

You collected 212 gold pieces.

Inventory:

Hand weapons
 a - a +2 dagger
 b - a +0 blowgun (weapon)
 s - a +0 dagger of protection
 v - a +0 cutlass
Missiles
 d - 3 poisoned needles (quivered)
 u - 8 tomahawks of returning
Armour
 c - a +0 robe (worn)
 n - a +0 pair of boots (worn)
 p - a +0 cloak (worn)
 C - a +1 pair of gloves (worn)
Comestibles
 z - 2 bread rations
 D - a rotting chunk of rat flesh
 E - 2 rotting chunks of worker ant flesh
Scrolls
 e - a scroll of blinking {unknown}
 g - 3 scrolls of remove curse {unknown}
 k - 2 scrolls of fog {unknown}
 m - 4 scrolls of teleportation {unknown}
 q - 3 scrolls of identify
 r - 2 scrolls of enchant weapon {unknown}
 y - a scroll of fear {unknown}
Jewellery
 f - a ring of magical power (right hand)
 j - an uncursed ring of wizardry
 B - a ring of protection from cold (left hand)
Potions
 h - a potion of brilliance {unknown}
 i - a potion of degeneration {unknown}
 l - a potion of paralysis {unknown}
 o - a potion of invisibility
 t - a potion of lignification {unknown}
 x - a potion of curing
 A - a potion of might
 F - a potion of haste {unknown}


   Skills:
 - Level 2.0 Fighting
 * Level 6.1 Short Blades
 - Level 1.7 Throwing
 - Level 0.8 Dodging
 + Level 5.6 Stealth


You had 6 spell levels left.
You didn't know any spells.

Dungeon Overview and Level Annotations

Branches:
Dungeon (5/15)             Temple (1/1) D:4

Altars:
Ashenzari
Cheibriados
Dithmenos
Elyvilon
Kikubaaqudgha
Qazlal
Sif Muna
Vehumet
Xom
Yredelemnul
Zin

Annotations:
D:4 Pikel
D:5 Dowan


Innate Abilities, Weirdness & Mutations

You have a pair of antennae on your head.
You have a somewhat thin skeletal structure (Dex +2, Stealth).
A weak demonic guardian rushes to your aid.
Your flesh is heat resistant.
You are immune to clouds of flame.


Message History

You are electrocuted!
* * * LOW HITPOINT WARNING * * *
Firing (i - inventory. (,) - cycle):
d - 4 poisoned needles (quivered)
Press: ? - help, Shift-Dir - straight line, f/p - Pikel
Aim: Pikel, wielding a whip of electrocution and wearing a robe You shoot a poisoned needle.
The poisoned needle barely misses Pikel.
Pikel hits you but does no damage.
Read which item? (? for menu, Esc to quit)
As you read the scroll labeled YFUGHOE SHRENUA, it crumbles to dust.
It is a scroll of identify.
Identify which item? (\ to view known items) (? for menu, Esc to quit)
o - 2 potions of invisibility Pikel closely misses you.
Drink which item? (? for menu, Esc to quit)
You fade into invisibility!
Pikel hits you with a whip of electrocution.
* * * LOW HITPOINT WARNING * * *
You are electrocuted!
You die...

#.....##########..#..
#.....'........#..#..
#.....#......).#..#..
#.....#........#..#..
#.....#........#..'..
#.....#........#.####
#.....#........#.#?..
#.....#........#.####
#...@.#........#.....
#....K#........#.....
###.....#........#.####
#.......#........#.#
#.#.....##########.#
#.###..............# .
#..............#### ##
#....).............
#...>..............


You could see Pikel.

Vanquished Creatures
  Purgy (D:3)
  A phantom (D:4)
  Sigmund (D:2)
  2 scorpions
  Crazy Yiuf (D:3)
  An iguana (D:4)
  An orc wizard (D:4)
  2 worker ants (D:4)
  Ijyb (D:3)
  8 adders
  A worm (D:2)
  8 giant geckos
  2 orcs (D:3)
  11 bats
  5 giant cockroaches
  6 goblins
  4 hobgoblins
  4 jackals (D:4)
  A quokka (D:1)
  A ball python (D:3)
  6 giant newts
  7 kobolds
  An orc skeleton (D:3)
  8 rats
84 creatures vanquished.

Vanquished Creatures (others)
  An iron imp (D:4)
  An adder (D:2)
  An ufetubus (D:4)
  A white imp (D:3)
  A hobgoblin skeleton (D:4)
5 creatures vanquished.

Grand Total: 89 creatures vanquished

Notes
Turn   | Place    | Note
--------------------------------------------------------------
     0 | D:1      | tizzy, the Demonspawn Assassin, began the quest for the Orb.
     0 | D:1      | Reached XP level 1. HP: 16/16 MP: 1/1
   421 | D:1      | Gained mutation: You have a pair of small antennae on your head. [demonic ancestry]
   421 | D:1      | Reached XP level 2. HP: 17/22 MP: 2/2
  1487 | D:2      | Noticed Sigmund
  1496 | D:1      | Gained mutation: You have a pair of antennae on your head. [demonic ancestry]
  1496 | D:1      | Reached XP level 3. HP: 11/27 MP: 3/3
  1788 | D:2      | Reached skill level 4 in Stealth
  2402 | D:2      | Killed Sigmund
  2402 | D:2      | Gained mutation: A weak demonic guardian rushes to your aid. [demonic ancestry]
  2402 | D:2      | Reached XP level 4. HP: 12/33 MP: 4/4
  2846 | D:2      | Gained mutation: Your flesh is heat resistant. [demonic ancestry]
  2846 | D:2      | Reached XP level 5. HP: 38/38 MP: 5/5
  3148 | D:3      | Noticed Purgy
  3157 | D:3      | Killed Purgy
  3337 | D:3      | Found a shimmering altar of Xom.
  3674 | D:3      | Reached skill level 5 in Short Blades
  3674 | D:3      | Gained mutation: You are immune to clouds of flame. [demonic ancestry]
  3674 | D:3      | Reached XP level 6. HP: 27/44 MP: 6/6
  3893 | D:3      | Noticed Ijyb
  3910 | D:3      | Killed Ijyb
  3964 | D:3      | Noticed Crazy Yiuf
  3998 | D:3      | Killed Crazy Yiuf
  3998 | D:3      | Reached skill level 5 in Stealth
  4721 | D:4      | Found a staircase to the Ecumenical Temple.
  4740 | Temple   | Entered the Ecumenical Temple
  4763 | Temple   | Became a worshipper of Dithmenos the Shadowed
  4926 | D:4      | Found a snail-covered altar of Cheibriados.
  4950 | D:4      | Found a shattered altar of Ashenzari.
  5491 | D:4      | You fall through a shaft!
  5491 | D:5      | Entered Level 5 of the Dungeon
  5495 | D:5      | Noticed Pikel
  5536 | D:4      | Reached skill level 6 in Short Blades
  5536 | D:4      | Gained mutation: You have a somewhat thin skeletal structure (Dex +2, Stealth). [demonic ancestry]
  5536 | D:4      | Reached XP level 7. HP: 19/50 MP: 7/7
  5765 | D:5      | Noticed Dowan
  5811 | D:4      | Mangled by Pikel

Action                   |  1- 3 |  4- 6 |  7- 9 || total
-------------------------+-------+-------+-------++-------
Melee: Dagger            |   140 |   130 |    13 ||   283
       Cutlass           |       |    71 |       ||    71
 Fire: Blowgun           |     9 |    18 |     3 ||    30
  Use: Scroll            |       |       |     1 ||     1
       Potion            |       |       |     1 ||     1
 Stab: Sleeping          |     1 |    10 |     1 ||    12
       Distracted        |     1 |       |     1 ||     2
